[ AOE2 MATCH · #507652557 ]
UnrankedSaracens vs Romans
Player's team · LOSS
Rival team · WIN
[ REPLAY ANALYSIS · EXTRACTED FROM THE RECORDED GAME ]
Feudal
8:53
Castle
21:03
Imperial
—
| APM avg | 47.8 |
| APM peak | 87 |
| eAPM avg | 19.8 |
| Villagers / military | 87 / 54 |
Focus
⚔️ 33.6% · 🌾 66.4%
Archer ×36 · Scorpion ×6 · Skirmisher ×6 · Mameluke ×3 · Spearman ×2 · Battering Ram ×1
Feudal
8:51
Castle
25:05
Imperial
—
| APM avg | 52.9 |
| APM peak | 84 |
| eAPM avg | 24.0 |
| Villagers / military | 86 / 84 |
Focus
⚔️ 41.2% · 🌾 58.8%
Cavalry Archer ×27 · Skirmisher ×26 · Knight ×22 · Scout Cavalry ×6 · Spearman ×2 · Battering Ram ×1
Match map
Initial resources + every placement click. Lines = walls · curves = elevation contours. ◆ gold · ⬟ stone · ● berries · ✦ relic · ◌ wall gap
Your base· ✓ Closed at 21:03 · 29t walls · no gate
青衫天子's base· ✓ Closed at 25:05 · 9t walls · no gate
Smoothed initial terrain · ◌ = detected wall gap · hover for details
Inputs per minute
— _DaViCy_ - - 青衫天子
Build order — _DaViCy_
First 150 of 238 actions detected
| 0:00 | Create | Villager (Male) |
| 0:01 | Build | House |
| 0:02 | Build | House |
| 0:07 | Create | Villager (Male) |
| 0:07 | Create | Villager (Male) |
| 0:09 | Create | Villager (Male) |
| 0:09 | Create | Villager (Male) |
| 1:23 | Create | Villager (Male) |
| 1:46 | Build | Lumber Camp |
| 1:58 | Create | Villager (Male) |
| 1:58 | Create | Villager (Male) |
| 2:21 | Create | Villager (Male) |
| 2:21 | Create | Villager (Male) |
| 2:51 | Create | Villager (Male) |
| 2:52 | Create | Villager (Male) |
| 3:34 | Create | Villager (Male) |
| 3:34 | Create | Villager (Male) |
| 3:55 | Build | House |
| 4:03 | Create | Villager (Male) |
| 4:03 | Create | Villager (Male) |
| 4:19 | Build | Mill |
| 4:29 | Create | Villager (Male) |
| 4:29 | Create | Villager (Male) |
| 4:29 | Create | Villager (Male) |
| 5:02 | Create | Villager (Male) |
| 5:03 | Create | Villager (Male) |
| 5:17 | Create | Villager (Male) |
| 5:29 | Research | Loom |
| 6:13 | Create | Villager (Male) |
| 6:43 | Research | Feudal Age |
| 6:44 | Research | Feudal Age |
| 7:53 | Build | Barracks |
| 8:14 | Build | Mining Camp |
| 8:28 | Build | Palisade Gate |
| 8:39 | Build | House |
| 8:48 | Create | Villager (Male) |
| 8:51 | Create | Villager (Male) |
| 8:53 | Build | House |
| 8:53 | Age | Feudal Age |
| 9:10 | Build | Archery Range |
| 9:23 | Build | House |
| 9:27 | Build | Palisade Wall |
| 9:31 | Build | Palisade Wall |
| 9:33 | Create | Villager (Male) |
| 9:43 | Build | House |
| 9:46 | Build | Palisade Wall |
| 9:49 | Create | Villager (Male) |
| 9:51 | Build | Palisade Wall |
| 9:58 | Research | Double-Bit Axe |
| 9:58 | Research | Double-Bit Axe |
| 10:03 | Build | Farm |
| 10:11 | Create | Villager (Male) |
| 10:14 | Create | Archer |
| 10:28 | Create | Villager (Male) |
| 10:34 | Build | House |
| 10:45 | Build | Palisade Wall |
| 10:50 | Build | Palisade Wall |
| 10:55 | Create | Archer |
| 11:02 | Build | Farm |
| 11:24 | Create | Archer |
| 11:25 | Create | Villager (Male) |
| 11:32 | Build | Farm |
| 11:33 | Create | Villager (Male) |
| 11:40 | Build | Farm |
| 11:54 | Build | Farm |
| 11:55 | Build | Farm |
| 11:56 | Create | Villager (Male) |
| 12:07 | Build | House |
| 12:12 | Build | Palisade Wall |
| 12:13 | Build | Palisade Wall |
| 12:15 | Build | Palisade Wall |
| 12:25 | Create | Villager (Male) |
| 12:27 | Build | Farm |
| 12:27 | Create | Archer |
| 12:38 | Create | Villager (Male) |
| 13:00 | Create | Archer |
| 13:04 | Build | Farm |
| 13:13 | Build | Farm |
| 13:15 | Create | Villager (Male) |
| 13:19 | Build | Farm |
| 13:21 | Create | Archer |
| 13:33 | Build | Farm |
| 13:45 | Create | Villager (Male) |
| 13:58 | Build | Farm |
| 14:02 | Create | Villager (Male) |
| 14:06 | Build | Farm |
| 14:09 | Create | Archer |
| 14:29 | Build | Watch Tower |
| 14:33 | Create | Archer |
| 14:41 | Create | Villager (Male) |
| 14:57 | Build | Farm |
| 14:58 | Create | Villager (Male) |
| 15:00 | Create | Villager (Male) |
| 15:17 | Build | House |
| 15:22 | Create | Villager (Male) |
| 15:27 | Build | Lumber Camp |
| 15:30 | Create | Archer |
| 15:58 | Build | Mining Camp |
| 16:06 | Create | Archer |
| 16:10 | Create | Villager (Male) |
| 16:39 | Create | Villager (Male) |
| 17:04 | Create | Villager (Male) |
| 17:08 | Build | Blacksmith |
| 17:43 | Build | House |
| 17:50 | Build | House |
| 17:51 | Create | Villager (Male) |
| 17:54 | Create | Skirmisher |
| 18:05 | Build | Farm |
| 18:13 | Build | Lumber Camp |
| 18:23 | Research | Castle Age |
| 18:23 | Research | Castle Age |
| 18:24 | Create | Skirmisher |
| 18:55 | Research | Fletching |
| 18:55 | Research | Fletching |
| 18:57 | Research | Horse Collar |
| 19:13 | Create | Skirmisher |
| 19:16 | Create | Spearman |
| 19:17 | Research | Padded Archer Armor |
| 19:17 | Research | Padded Archer Armor |
| 19:39 | Create | Villager (Male) |
| 19:42 | Create | Skirmisher |
| 19:52 | Build | Mining Camp |
| 19:59 | Create | Villager (Male) |
| 20:07 | Create | Skirmisher |
| 20:18 | Create | Spearman |
| 20:24 | Create | Skirmisher |
| 20:32 | Build | House |
| 20:39 | Create | Villager (Male) |
| 21:00 | Create | Archer |
| 21:03 | Age | Castle Age |
| 21:12 | Research | Crossbowman (upgrade) |
| 21:22 | Build | Mining Camp |
| 21:24 | Create | Villager (Male) |
| 21:28 | Build | Farm |
| 21:53 | Research | Bodkin Arrow |
| 21:53 | Research | Bodkin Arrow |
| 21:59 | Build | Farm |
| 22:15 | Create | Villager (Male) |
| 22:15 | Create | Villager (Male) |
| 22:16 | Create | Archer |
| 22:28 | Build | Mining Camp |
| 22:41 | Create | Archer |
| 22:44 | Create | Villager (Male) |
| 22:44 | Create | Villager (Male) |
| 23:24 | Create | Villager (Male) |
| 23:24 | Create | Archer |
| 23:29 | Build | Lumber Camp |
| 23:37 | Create | Archer |
| 23:40 | Create | Villager (Male) |
| 23:57 | Create | Archer |
Build order — 青衫天子
First 150 of 294 actions detected
| 0:00 | Create | Villager (Male) |
| 0:01 | Create | Villager (Male) |
| 0:01 | Create | Villager (Male) |
| 0:02 | Build | House |
| 0:03 | Build | House |
| 0:04 | Create | Villager (Male) |
| 1:24 | Create | Villager (Male) |
| 1:54 | Create | Villager (Male) |
| 1:54 | Create | Villager (Male) |
| 2:04 | Build | Lumber Camp |
| 2:14 | Create | Villager (Male) |
| 2:55 | Create | Villager (Male) |
| 3:07 | Build | House |
| 3:16 | Create | Villager (Male) |
| 3:27 | Build | House |
| 3:42 | Create | Villager (Male) |
| 3:45 | Create | Villager (Male) |
| 3:49 | Create | Villager (Male) |
| 4:31 | Create | Villager (Male) |
| 4:53 | Create | Villager (Male) |
| 5:03 | Build | Mill |
| 5:51 | Create | Villager (Male) |
| 5:51 | Research | Loom |
| 6:28 | Research | Feudal Age |
| 7:23 | Build | House |
| 7:34 | Build | Barracks |
| 8:36 | Create | Villager (Male) |
| 8:51 | Age | Feudal Age |
| 8:53 | Build | Stable |
| 8:59 | Create | Spearman |
| 9:00 | Research | Double-Bit Axe |
| 9:09 | Create | Villager (Male) |
| 9:18 | Build | Farm |
| 9:25 | Build | Farm |
| 9:32 | Create | Villager (Male) |
| 9:34 | Create | Scout Cavalry |
| 9:35 | Create | Scout Cavalry |
| 9:45 | Build | House |
| 9:56 | Create | Villager (Male) |
| 10:04 | Build | Farm |
| 10:07 | Build | Farm |
| 10:12 | Build | Farm |
| 10:27 | Create | Scout Cavalry |
| 10:29 | Create | Villager (Male) |
| 10:29 | Create | Villager (Male) |
| 10:31 | Build | Farm |
| 10:34 | Create | Villager (Male) |
| 10:47 | Create | Villager (Male) |
| 11:02 | Create | Villager (Male) |
| 11:11 | Create | Villager (Male) |
| 11:20 | Build | Archery Range |
| 11:28 | Create | Scout Cavalry |
| 11:28 | Create | Scout Cavalry |
| 11:37 | Build | House |
| 11:40 | Build | House |
| 11:45 | Create | Scout Cavalry |
| 11:57 | Create | Villager (Male) |
| 12:17 | Build | Blacksmith |
| 12:29 | Create | Villager (Male) |
| 12:42 | Build | Farm |
| 12:45 | Build | House |
| 12:47 | Create | Skirmisher |
| 12:48 | Create | Skirmisher |
| 12:48 | Create | Villager (Male) |
| 13:01 | Build | House |
| 13:03 | Create | Villager (Male) |
| 13:07 | Build | Farm |
| 13:08 | Build | Farm |
| 13:24 | Build | House |
| 13:25 | Build | House |
| 13:31 | Create | Villager (Male) |
| 13:40 | Build | Watch Tower |
| 13:41 | Create | Skirmisher |
| 13:41 | Create | Skirmisher |
| 13:52 | Build | Farm |
| 13:59 | Build | House |
| 14:02 | Build | House |
| 14:02 | Build | House |
| 14:11 | Build | Watch Tower |
| 14:18 | Create | Villager (Male) |
| 14:40 | Build | Mining Camp |
| 14:47 | Create | Villager (Male) |
| 14:56 | Create | Skirmisher |
| 15:00 | Build | Farm |
| 15:00 | Build | Farm |
| 15:14 | Create | Villager (Male) |
| 15:19 | Build | Farm |
| 15:20 | Build | Farm |
| 15:25 | Build | House |
| 15:27 | Build | House |
| 15:28 | Create | Villager (Male) |
| 15:32 | Create | Spearman |
| 15:43 | Research | Scale Barding Armor |
| 15:44 | Research | Padded Archer Armor |
| 15:47 | Research | Fletching |
| 15:58 | Create | Villager (Male) |
| 16:17 | Create | Villager (Male) |
| 16:21 | Build | Outpost |
| 16:23 | Create | Villager (Male) |
| 16:38 | Create | Villager (Male) |
| 16:41 | Build | Mining Camp |
| 16:49 | Create | Villager (Male) |
| 16:55 | Create | Villager (Male) |
| 16:57 | Create | Villager (Male) |
| 17:04 | Build | Watch Tower |
| 17:15 | Create | Villager (Male) |
| 17:36 | Create | Villager (Male) |
| 18:03 | Build | Lumber Camp |
| 18:13 | Create | Villager (Male) |
| 18:21 | Create | Skirmisher |
| 18:23 | Research | Padded Archer Armor |
| 18:24 | Create | Skirmisher |
| 18:46 | Build | Watch Tower |
| 18:53 | Build | Watch Tower |
| 19:13 | Create | Skirmisher |
| 19:13 | Create | Skirmisher |
| 19:16 | Research | Horse Collar |
| 19:16 | Research | Horse Collar |
| 19:22 | Build | House |
| 19:42 | Create | Skirmisher |
| 19:42 | Create | Skirmisher |
| 19:43 | Create | Villager (Male) |
| 20:08 | Build | Outpost |
| 20:17 | Create | Villager (Male) |
| 20:40 | Build | Archery Range |
| 20:58 | Create | Villager (Male) |
| 20:59 | Build | Market |
| 21:03 | Build | Farm |
| 21:04 | Build | Farm |
| 21:04 | Build | Farm |
| 21:04 | Build | Farm |
| 21:04 | Build | Farm |
| 21:15 | Build | Watch Tower |
| 21:22 | Create | Villager (Male) |
| 21:49 | Build | Stone Wall |
| 21:50 | Build | Stone Wall |
| 21:50 | Build | Stone Wall |
| 21:50 | Build | Stone Wall |
| 21:51 | Build | Stone Wall |
| 21:51 | Build | Stone Wall |
| 21:51 | Build | Stone Wall |
| 21:52 | Build | Stone Wall |
| 21:52 | Build | Stone Wall |
| 21:52 | Build | Stone Wall |
| 22:02 | Build | Farm |
| 22:03 | Build | Farm |
| 22:03 | Build | Farm |
| 22:04 | Build | Farm |
| 22:04 | Build | Farm |
| 22:24 | Build | Farm |
Match timeline
| 7:34 | 青衫天子 · first_building Barracks |
| 7:53 | _DaViCy_ · first_building Barracks |
| 8:51 | 青衫天子 · age_up feudal |
| 8:53 | 青衫天子 · first_building Stable |
| 8:53 | _DaViCy_ · age_up feudal |
| 9:10 | _DaViCy_ · first_building Archery Range |
| 9:27 | _DaViCy_ · wall_segment Palisade Wall x3 |
| 9:31 | _DaViCy_ · wall_segment Palisade Wall x7 |
| 9:46 | _DaViCy_ · wall_segment Palisade Wall x1 |
| 9:51 | _DaViCy_ · wall_segment Palisade Wall x1 |
| 10:45 | _DaViCy_ · wall_segment Palisade Wall x5 |
| 10:50 | _DaViCy_ · wall_segment Palisade Wall x5 |
| 11:20 | 青衫天子 · first_building Archery Range |
| 12:12 | _DaViCy_ · wall_segment Palisade Wall x1 |
| 12:13 | _DaViCy_ · wall_segment Palisade Wall x2 |
| 12:15 | _DaViCy_ · wall_segment Palisade Wall x5 |
| 21:03 | _DaViCy_ · age_up castle |
| 21:49 | 青衫天子 · wall_segment Stone Wall x1 |
| 21:50 | 青衫天子 · wall_segment Stone Wall x1 |
| 21:50 | 青衫天子 · wall_segment Stone Wall x1 |
| 21:50 | 青衫天子 · wall_segment Stone Wall x2 |
| 21:51 | 青衫天子 · wall_segment Stone Wall x1 |
| 21:51 | 青衫天子 · wall_segment Stone Wall x2 |
| 21:51 | 青衫天子 · wall_segment Stone Wall x1 |
| 21:52 | 青衫天子 · wall_segment Stone Wall x2 |
| 21:52 | 青衫天子 · wall_segment Stone Wall x2 |
| 21:52 | 青衫天子 · wall_segment Stone Wall x1 |
| 22:06 | 青衫天子 · first_market_buy 100 food |
| 22:17 | 青衫天子 · first_market_sell 100 stone |
| 25:05 | 青衫天子 · age_up castle |
| 25:14 | _DaViCy_ · first_building Castle |
| 25:42 | _DaViCy_ · first_building Siege Workshop |
| 29:45 | _DaViCy_ · first_market_buy 100 food |
| 33:39 | 青衫天子 · first_building Siege Workshop |
| 35:09 | _DaViCy_ · wall_segment Palisade Wall x1 |
| 35:35 | _DaViCy_ · resign |
[ AI ANALYSIS · 1 CREDIT ]
What really happened in this match?
Wolo.gg analyzes every decision: build order, eco, micro, common mistakes by bracket. Personalized analysis on WhatsApp or Discord in 30 seconds.
Civ guide
Saracens
Perfil
_DaViCy_